Map: Lerilak Crest

Players

Bayb

  • Race: Zerg Zerg
  • League: Platinum

Wellmet - Winner!

  • Race: Terran Terran
  • League: Platinum

VOD

Have the link to the VOD?

Description

Time

  • Played on: Nov. 11, 2015, 9:35 p.m.
  • Length: 9:35
Show
View Real Time Build Order
Export as new Build Order

Bayb Zerg 

Build Orders: Hatch First, Muta Ling Bane 

Get SALT Encoding   

  12  0:01  Drone  
  13  0:08  Drone  
  14  0:18  Extractor  
  14  0:19  Drone  
  15  0:22  Overlord  
  15  0:40  Drone  
  15  0:41  Drone  
  17  0:45  Drone  
  18  0:58  Hatchery  
  18  1:04  Drone, Extractor  
  17  1:16  Spawning Pool  
  17  1:18  Drone  
  17  1:21  Drone  
  18  1:29  Drone  
  19  1:41  Overlord  
  19  1:53  Drone  
  20  2:02  Queen  
  20  2:03  Zergling x2  
  20  2:07  Metabolic Boost  
  23  2:10  Queen  
  23  2:11  Drone  
  23  2:12  Drone  
  27  2:21  Drone x2  
  29  2:32  Drone x2  
  31  2:38  Queen  
  31  2:43  Overlord  
  33  2:50  Drone  
  34  2:52  Lair  
  34  2:57  Drone x2  
  36  3:06  Drone x2  
  36  3:09  Extractor  
  37  3:15  Drone x3  
  40  3:20  Drone  
  40  3:24  Extractor x2  
  40  3:25  Queen  
  41  3:27  Drone x3  
  41  3:33  Overlord  
  44  3:38  Spine Crawler  
  44  3:40  Drone  
  44  3:43  Overlord  
  44  3:54  Drone x3, Spire  
  47  4:02  Drone  
  47  4:03  Drone x2  
  47  4:07  Zergling x4  
  47  4:09  Drone  
  51  4:19  Baneling Nest, Drone x2  
  52  4:32  Drone  
  52  4:33  Drone x2  
  55  4:48  Overlord  
  55  4:53  Hatchery, Drone x3  
  55  4:55  Evolution Chamber x2  
  55  5:02  Drone  
  55  5:03  Drone x2, Overlord x2  
  58  5:11  Zerg Flyer Weapons Level 1, Mutalisk  
  60  5:19  Mutalisk x3  
  66  5:31  Mutalisk  
  66  5:32  Mutalisk x3  
  66  5:35  Mutalisk  
  74  5:38  Mutalisk  
  76  5:44  Overlord x2  
  76  5:50  Overlord  
  76  5:53  Overlord  
  76  5:58  Overlord  
  76  6:03  Zerg Ground Armor Level 1  
  76  6:04  Zerg Melee Weapons Level 1  
  76  6:05  Drone x2  
  76  6:06  Drone  
  79  6:13  Mutalisk  
  81  6:20  Mutalisk  
  81  6:25  Mutalisk  
  83  6:32  Drone x9  
  94  6:33  Queen  
  94  6:39  Mutalisk  
  98  6:47  Drone  
  98  6:48  Drone x4  
  98  6:50  Extractor  
  98  6:51  Drone, Spine Crawler  
  98  6:52  Extractor  
  101  6:59  Overlord x2  
  99  7:05  Zergling x4  
  99  7:10  Zergling x4  
  99  7:13  Zergling x2  
  99  7:14  Centrifical Hooks  
  98  7:20  Zergling x8  
  98  7:21  Zergling x6  
  98  7:22  Baneling  
  103  7:25  Baneling x2  
  103  7:26  Zergling x2  
  104  7:31  Zergling x2  
  104  7:33  Baneling x2  
  95  7:37  Zergling x4  
  95  7:44  Baneling x12  
  86  7:46  Zergling x10  
  86  7:49  Zergling x2  
  89  8:01  Zergling x2  
  89  8:02  Zergling x8  
  83  8:12  Zergling x2  
  81  8:17  Hatchery, Mutalisk  
  82  8:24  Zergling x4  
  84  8:31  Zergling x2  
  84  8:33  Hatchery  
  84  8:39  Zergling x2  
  79  8:43  Baneling x2  
  79  8:44  Baneling x3  
  79  8:45  Baneling x4  
  79  8:46  Baneling  
  79  8:47  Zergling x2  
  79  8:48  Zergling x4  
  82  8:52  Extractor  
  82  8:53  Zergling x2  
  82  8:54  Zergling x8  
  82  8:55  Extractor  
  85  8:58  Zergling x2  
  83  9:04  Zergling x2  
  83  9:08  Zergling x2  
  83  9:09  Baneling x2  
  84  9:11  Zergling x2  
  84  9:15  Zergling x2  
  82  9:17  Zergling x4  
Show
View Real Time Build Order
Export as new Build Order

Wellmet Terran - Winner!

Build Orders: Command Center First (CC), MMM Bio 

Get SALT Encoding   

  12  0:01  SCV  
  13  0:13  SCV  
  14  0:17  Supply Depot  
  14  0:25  SCV  
  15  0:39  SCV  
  16  0:51  SCV  
  17  1:03  SCV  
  18  1:05  Command Center  
  18  1:17  Barracks  
  19  1:18  SCV  
  19  1:24  Refinery  
  19  1:30  SCV  
  20  1:43  SCV  
  21  2:03  Orbital Command  
  21  2:05  Marine  
  21  2:07  Bunker  
  22  2:17  Orbital Command  
  22  2:25  Factory  
  23  2:30  SCV  
  24  2:42  SCV  
  24  2:44  SCV  
  24  2:46  Barracks Reactor  
  25  2:54  SCV  
  25  2:57  SCV  
  27  3:02  Command Center  
  27  3:06  SCV  
  28  3:13  SCV  
  28  3:14  Refinery  
  28  3:18  SCV  
  30  3:22  Starport  
  30  3:26  Supply Depot  
  30  3:28  SCV  
  30  3:30  SCV  
  30  3:32  Hellion x2  
  36  3:34  Barracks Tech Lab  
  36  3:40  SCV  
  37  3:43  SCV  
  38  3:52  SCV  
  38  3:53  Hellion  
  38  3:54  Supply Depot, Hellion  
  38  3:55  Marine  
  44  3:58  SCV  
  45  4:04  SCV  
  45  4:09  Stimpack  
  46  4:14  SCV, Viking  
  46  4:15  Orbital Command  
  46  4:16  SCV  
  50  4:21  Hellion  
  50  4:23  Hellion  
  54  4:25  Marine  
  54  4:26  SCV  
  54  4:28  SCV  
  57  4:37  Supply Depot  
  57  4:38  SCV  
  58  4:48  SCV x2  
  58  4:55  SCV  
  58  4:56  Marine  
  58  4:58  Starport Reactor  
  60  5:03  Refinery, Barracks  
  60  5:05  Barracks  
  60  5:06  Supply Depot, Refinery  
  60  5:07  Factory Reactor, Engineering Bay  
  60  5:08  Barracks  
  60  5:10  Orbital Command  
  60  5:11  Engineering Bay  
  60  5:12  SCV x2  
  62  5:15  Marine  
  63  5:22  Supply Depot  
  63  5:24  SCV x2  
  65  5:36  SCV x2  
  65  5:37  SCV  
  65  5:39  Marine  
  69  5:48  Supply Depot, Starport Reactor, SCV  
  70  5:54  SCV x2  
  70  5:56  Terran Infantry Weapons Level 1, Factory Tech Lab  
  70  5:57  Terran Infantry Armor Level 1  
  72  6:00  Marauder, Marine x2  
  72  6:02  SCV  
  77  6:06  Marine x2  
  77  6:08  Marine x2  
  77  6:09  Supply Depot  
  81  6:12  Barracks  
  81  6:14  Missile Turret, Barracks  
  81  6:16  Missile Turret  
  81  6:17  Barracks  
  81  6:18  Missile Turret, Marine x2  
  77  6:21  Marine  
  77  6:23  Marine  
  77  6:27  Marine  
  77  6:28  Medivac x2  
  77  6:30  SCV x2  
  85  6:32  SCV  
  85  6:34  Marine  
  85  6:36  Combat Shields  
  86  6:41  Marine x2  
  86  6:42  SCV  
  86  6:43  Siege Tank  
  86  6:45  SCV x2  
  94  6:48  Bunker  
  94  6:50  Marine x3  
  98  6:54  SCV  
  98  6:59  Marine  
  98  7:00  Armory  
  99  7:03  Barracks Reactor  
  99  7:04  Barracks Reactor  
  99  7:06  Barracks Tech Lab  
  98  7:12  Marine x2  
  98  7:14  Marine x2  
  98  7:15  SCV  
  100  7:19  Marine x2  
  100  7:21  Siege Tank, Medivac  
  100  7:26  SCV x2  
  98  7:38  Marine  
  98  7:39  Marine  
  98  7:40  Marine x3  
  98  7:43  SCV x2  
  103  7:49  Medivac  
  105  7:51  Medivac  
  105  7:52  Marine x2  
  101  8:01  Marine x2  
  101  8:02  Marine x2  
  93  8:07  Marine x3  
  93  8:09  Marine  
  85  8:13  Marine x2  
  85  8:14  SCV x2  
  89  8:32  Bunker, Marine x3  
  89  8:33  Liberator  
  89  8:34  Liberator  
  92  8:39  Missile Turret  
  94  8:42  SCV x2  
  94  8:43  Marine  
  94  8:44  Marine  
  98  8:52  Siege Tank, Marine  
  98  8:53  Marine  
  105  8:55  Marine  
  105  8:56  Marine  
  105  8:58  Marine  
  98  9:06  Marine  
  98  9:07  Marine x5  
  102  9:17  Marine  
Tags
 
Add a new tag
Caveats
  • Supply blocks, unpowered buildings, or Contaminate may cause inaccurate times.
  • Supply counts are checked every 10 seconds.